AoeStats
← [Massa] Edo

Hideout

503537608Analyzed
2v2 RM · 1mo ago on Sep 1, 2026· 25m 22s· 4 players
Game mode
Random Map
Map size
Medium (4 player)
Population
200
Speed
Normal
Resources
Standard
Victory
Conquest
Starting age
Dark Age
Ending age
Imperial Age
RankedLock teamsTeams togetherTeam positionsShared explorationLock speedFull tech treeHidden civsTurbo modeCheats
Victory
Defeat
🇧🇷 Britons · Brazil
1378
+15
🇧🇷 Goths · Brazil
1377
+15
🇨🇴 Poles · Colombia
1358
-15
🇦🇷 Japanese · Argentina
1338
-14
jj
7:43 Loom
10:15 Feudal Age
10:43 Man-at-Arms
11:38 Double-Bit Axe
15:33 Arson
17:15 Padded Archer Armor
26:11 Castle Age
JairoElChigüi
10:15 Feudal Age
10:56 Double-Bit Axe
14:00 Fletching
14:25 Loom
15:28 Horse Collar
20:15 Castle Age
21:31 Wheelbarrow
21:27 Bodkin Arrow
22:04 Thumb Ring
22:45 Padded Archer Armor
22:33 Crossbowman
23:45 Padded Archer Armor
tg
11:06 Feudal Age
11:40 Loom
13:35 Fletching
13:37 Double-Bit Axe
13:33 Horse Collar
18:06 Castle Age
16:36 Gold Mining
18:09 Crossbowman
18:45 Bodkin Arrow
20:59 Bow Saw
24:02 Wheelbarrow
24:19 Padded Archer Armor
[Massa] Edo
0:45 Loom
8:30 Feudal Age
9:07 Double-Bit Axe
11:11 Man-at-Arms
13:15 Horse Collar
15:40 Scale Mail Armor
17:33 Forging
20:17 Wheelbarrow
23:09 Castle Age
24:29 Bow Saw
25:02 Heavy Plow
24:54 Gold Mining
25:28 Anarchy
Connection lost

Rejoining the realm…

Still unreachable

The connection could not be restored.

Session expired

The server has moved on; the page needs a fresh start.